 Dungeon Crawl Stone Soup version 0.29-a0-330-g52719c12eb (webtiles) character file.

Game seed: 10124837560709805553

16 Iscandelvey the Firebug (level 2, 16/19 HPs)
             Began as a Demonspawn Fire Elementalist on Apr 14, 2022.
             Quit the game on level 2 of the Dungeon.
             The game lasted 00:01:32 (1216 turns).

Iscandelvey the Firebug (DsFE)                      Turns: 1216, Time: 00:01:33

Health: 16/19      AC:  2    Str:  8    XL:     2   Next: 41%
Magic:  10/14      EV: 12    Int: 16    God:
Gold:   75         SH:  0    Dex: 13    Spells: 4/5 levels left

rFire   . . .      SeeInvis .   (no weapon)
rCold   . . .      Faith    .   (no shield)
rNeg    . . .      Spirit   .   a - +0 robe
rPois   .          Reflect  .   (no helmet)
rElec   .          Harm     .   (no cloak)
rCorr   .          Rampage  .   (no gloves)
Will    .....                   (no boots)
Stlth   ++........              (no amulet)
HPRegen 0.06/turn               i - ring of magical power
MPRegen 0.14/turn               (no ring)

@: no status effects
A: spiny 1
a: no special abilities


You were on level 2 of the Dungeon.
You visited 1 branch of the dungeon, and saw 2 of its levels.

You collected 75 gold pieces.

Inventory:

Armour
 a - a +0 robe (worn)
Jewellery
 i - a ring of magical power (left hand)
Scrolls
 c - a scroll of identify {unknown}
 h - a scroll of teleportation {unknown}
 j - a scroll of magic mapping {unknown}
 k - a scroll of enchant armour {unknown}
Potions
 b - a potion of magic
 d - a potion of curing {unknown}
 e - a potion of brilliance {unknown}
 f - a potion of might {unknown}
 g - 2 potions of lignification {unknown}


   Skills:
 + Level 2.0 Dodging
 + Level 2.0 Stealth
 + Level 2.2 Spellcasting
 + Level 1.3 Conjurations
 + Level 2.8 Fire Magic


You had 4 spell levels left.
You knew the following spells:

 Your Spells              Type           Power      Damage    Failure   Level
a - Foxfire               Conj/Fire      32%        2x1d5     9%          1

Your spell library contained the following spells:

 Spells                   Type           Power      Damage    Failure   Level
 Scorch                   Fire           20%        2d6       10%         2
 Conjure Flame            Conj/Fire      8%         6-21      26%         3
 Inner Flame              Hex/Fire       6%         N/A       34%         3
 Flame Wave               Conj/Fire      8%         2d5       63%         4


Dungeon Overview and Level Annotations

Branches:
Dungeon (2/15)

Altars:


Innate Abilities, Weirdness & Mutations

You are partially covered in sharp spines.


Message History

You conjure some foxfire!
The foxfire hits the goblin.
You kill the goblin!
You see here a +0 dagger.
You start resting.
Magic restored.
You start waiting.
Done waiting.
There is an open door here.
You open the door.
There is an open door here.
There is an open door here.
You open the door.
Found 3 poisoned darts.
You open the door.
There is an open door here.
You open the door.
An adder comes into view.
The adder hisses angrily.
You conjure some foxfire!
The foxfire hits the adder.
The adder is heavily wounded.
Your foxfire dissipates!
You conjure some foxfire!
The adder barely misses you.
There is not enough space to conjure foxfire!
There is not enough space to conjure foxfire!
There is not enough space to conjure foxfire!
There is not enough space to conjure foxfire!
The foxfire hits the adder.
The adder is severely wounded.
The foxfire hits the adder.
The adder is almost dead.
The adder bites you.
You conjure some foxfire!
The adder bites you.
The foxfire hits the adder.
You kill the adder!
Your Dodging skill increases to level 2!
Your Stealth skill increases to level 2!
You have reached level 2!
Your demonic ancestry asserts itself...
Sharp spines emerge from parts of your body.
Are you sure you want to abandon this character and quit the game? (Confirm with "yes".)

#.........#
#....#######
#..........#
###'######.#
#.# #.# #.#
#.######
#..§§@§#
#####v## #.#
#'# ...
.....
.......
.#.#####.
#.#. .#


There were no monsters in sight!

Vanquished Creatures
  An adder (D:2)
  An endoplasm (D:1)
  2 goblins
  2 ball pythons (D:1)
  A frilled lizard (D:2)
7 creatures vanquished.

Vanquished Creatures (others)
  28 foxfires
  A fungus (D:2)
29 creatures vanquished.

Grand Total: 36 creatures vanquished

Notes
Turn   | Place    | Note
-------+----------+-------------------------------------------
     0 | D:1      | Iscandelvey the Demonspawn Fire Elementalist began the
                  | quest for the Orb.
     0 | D:1      | Reached XP level 1. HP: 13/13 MP: 3/3
  1216 | D:2      | Gained mutation: You are partially covered in sharp spines.
                  | [demonic ancestry]
  1216 | D:2      | Reached XP level 2. HP: 16/19 MP: 5/5
  1216 | D:2      | Quit the game

Illustrated notes

Levels and vault maps discovered:
D:1:      amcnicky_arrival_double_pillar, layout_loops_ring,
          roderic_nine_men_s_morris
D:2:      layout_basic, dreamdust_ecumenical_altar_grove, nrook_mini_backslash,
          minmay_increasing_density

Skill      XL: |  1 |
---------------+----+-----
Dodging        | 2 |  2.0
Stealth        | 2 |  2.0
Spellcasting   | |  2.2
Conjurations   | |  1.3
Fire Magic     | |  2.8

Action                   || total
-------------------------++-------
 Cast: Foxfire           ||    20
Dodge: Dodged            ||     2

Table legend: (Time is in decaauts)
 A = Elapsed time spent in this place.
 B = Non-inter-level travel time spent in this place.
 C = Inter-level travel time spent in this place.
 D = Time resting spent in this place.
 E = Time spent auto-exploring this place.
 F = Levels seen in this place.
 G = Mean time per level.
                   A        B        C        D        E       F      G
               +--------+--------+--------+--------+--------+-----+--------+
         Total |   1215 |   1170 |     45 |    202 |    880 |   2 |  607.5 |
       Dungeon |   1215 |   1170 |     45 |    202 |    880 |   2 |  607.5 |
               +--------+--------+--------+--------+--------+-----+--------+

Top non-repeatable levels by time:
     D:1: 806 daAuts
     D:2: 409 daAuts
